 Dungeon Crawl Stone Soup version 0.16-a0-3496-g6490362 (webtiles) character file.

1848 Grim the Cleaver (level 9, -5/85 HPs)
             Began as a Hill Orc Berserker on Jan 5, 2015.
             Was a High Priest of Trog.
             Slain by Prince Ribbit (9 damage)
             ... on level 6 of the Dungeon.
             The game lasted 00:19:41 (7399 turns).

Grim the Cleaver (Hill Orc Berserker)               Turns: 7399, Time: 00:19:42

Health: -5/85      AC:  8    Str: 20    XL:     9   Next: 12%
Magic:  9/9        EV:  8    Int:  7    God:    Trog [*****.]
Gold:   330        SH:  0    Dex: 13    Spells: 0 memorised, 8 levels left

rFire  . . .     SeeInvis .     s - +0 hand axe (chop)
rCold  . . .     Clarity  .     p - +0 chain mail
rNeg   . . .     SustAb   .     (no shield)
rPois  .         Gourm    .     (no helmet)
rElec  .         Spirit   .     (no cloak)
rCorr  .         Warding  .     (no gloves)
rMut   .         Stasis   .     (no boots)
MR     ++...                    (no amulet)
Stlth  ..........               (no ring)
                                (no ring)

@: exhausted, about to teleport, regenerating, slowed, very slow, very resistant
to hostile enchantments, extremely unstealthy
A: no striking features
a: Burn Spellbooks, Berserk, Trog's Hand, Brothers in Arms, Renounce Religion


You were on level 6 of the Dungeon.
You worshipped Trog.
Trog was extremely pleased with you.
You were not hungry.

You visited 1 branch of the dungeon, and saw 6 of its levels.

You collected 330 gold pieces.

Inventory:

Hand weapons
 s - a +0 hand axe of chopping (weapon)
Armour
 p - a +0 chain mail (worn)
Magical devices
 e - a wand of paralysis (8)
 i - a wand of slowing (25)
 j - a wand of frost (34)
 q - a wand of fire (3)
Scrolls
 g - 5 scrolls of teleportation
 o - 2 scrolls of enchant armour
Potions
 d - 2 potions of magic
 f - 2 potions of mutation {!q}
 h - a potion of lignification {unknown}
 m - 2 potions of agility {unknown}
 n - a potion of curing
 t - a potion of poison {unknown}
 v - 2 potions of cure mutation {unknown}
Comestibles
 a - 5 fruits
 b - a royal jelly
 c - 2 meat rations
 k - 2 bread rations
 l - 3 beef jerkies
 r - a slice of pizza


   Skills:
 + Level 10.2 Fighting
 - Level 11.3 Axes
 - Level 2.1 Armour
 - Level 1.5 Dodging


You had 8 spell levels left.
You didn't know any spells.

Dungeon Overview and Level Annotations

Branches:
Dungeon (6/15)             Temple (0/1) D:5

Altars:
Cheibriados
Dithmenos
Elyvilon
Fedhas
Makhleb
Okawaru
Sif Muna
Trog
Xom

Shops:
D:5 [=

Annotations:
D:6 Prince Ribbit


Message History

Prince Ribbit closely misses you. Prince Ribbit hits you!
* * * LOW HITPOINT WARNING * * *
Read which item? (? for menu, Esc to quit)
Okay, then.
Drink which item? (? for menu, Esc to quit)
You feel better. Prince Ribbit barely misses you. Prince Ribbit hits you!
* * * LOW HITPOINT WARNING * * *
You closely miss Prince Ribbit.
Prince Ribbit is moderately wounded.
Prince Ribbit catches a baby bat with his tongue.
Prince Ribbit hits you!
* * * LOW HITPOINT WARNING * * *
Read which item? (? for menu, Esc to quit)
As you read the scroll of teleportation, it crumbles to dust.
You feel strangely unstable.
You feel the effects of Trog's Hand fading.
Prince Ribbit hits you!
* * * LOW HITPOINT WARNING * * *
Prince Ribbit hits you!
You die...

######
##<....#
##.......#
#.........#
#.........#
#.........#
#.........#
#.)@......#
#..F......#
##.(.....##
##.....## #
##.#####
##. ####((#
#.. #....##
#.# #.####
#.# #.#


You could see Prince Ribbit.

Vanquished Creatures
  An ice beast (D:5)
  A sky beast (D:5)
  An orc warrior (D:6)
  3 centaurs
  3 ogres
  2 giant frogs (D:6)
  Duvessa (D:6)
  Blork the orc (D:6)
  A water moccasin zombie (D:5)
  Dowan (D:6)
  A goliath beetle (D:5)
  A crimson imp (D:5)
  2 hounds
  6 worker ants
  4 orc wizards
  An iguana (D:3)
  Ijyb (D:3)
  Terence (D:2)
  A hound skeleton (D:6)
  A worker ant zombie (D:5)
  8 adders
  A giant mite (D:3)
  3 worms
  An adder skeleton (D:5)
  3 giant geckos
  2 oozes
  17 orcs
  A bat skeleton (D:4)
  7 giant cockroaches
  14 goblins
  17 hobgoblins
  7 jackals
  15 kobolds
  3 quokkas
  4 ball pythons
  20 bats
  3 giant newts
  12 rats
172 creatures vanquished.

Notes
Turn   | Place    | Note
--------------------------------------------------------------
     0 | D:1      | Grim, the Hill Orc Berserker, began the quest for the Orb.
     0 | D:1      | Reached XP level 1. HP: 19/19 MP: 1/1
    12 | D:1      | Reached XP level 2. HP: 26/26 MP: 2/2
   149 | D:1      | Reached skill level 5 in Axes
   479 | D:1      | Acquired Trog's second power
   549 | D:1      | Reached XP level 3. HP: 25/31 MP: 3/3
  1230 | D:2      | Reached skill level 6 in Axes
  1368 | D:2      | Reached XP level 4. HP: 39/39 MP: 4/4
  1608 | D:2      | Noticed Terence
  1616 | D:2      | Killed Terence
  1787 | D:2      | Found a shadowy altar of Dithmenos.
  2192 | D:2      | Reached skill level 7 in Axes
  2379 | D:3      | Reached XP level 5. HP: 30/45 MP: 5/5
  2532 | D:3      | HP: 2/67 [giant cockroach (2)]
  2736 | D:3      | Reached skill level 8 in Axes
  3184 | D:3      | Noticed Ijyb
  3219 | D:3      | Killed Ijyb
  3476 | D:3      | Reached XP level 6. HP: 37/51 MP: 6/6
  4046 | D:3      | Reached skill level 9 in Axes
  4096 | D:4      | Acquired Trog's third power
  5157 | D:5      | Entered Level 5 of the Dungeon
  5165 | D:5      | Found Pryev's Antique Armour Shop.
  5194 | D:5      | Found a staircase to the Ecumenical Temple.
  5199 | D:5      | Reached skill level 10 in Axes
  5199 | D:5      | Reached XP level 7. HP: 39/57 MP: 7/7
  5375 | D:5      | Found Caam's Jewellery Boutique.
  5515 | D:5      | Found a bloodstained altar of Trog.
  5570 | D:5      | Reached skill level 11 in Axes
  5765 | D:5      | Reached skill level 5 in Fighting
  5765 | D:5      | Reached XP level 8. HP: 41/68 MP: 8/8
  6090 | D:5      | Found a burning altar of Makhleb.
  6097 | D:5      | Found a blossoming altar of Fedhas.
  6098 | D:5      | Found a white marble altar of Elyvilon.
  6105 | D:5      | Found a deep blue altar of Sif Muna.
  6109 | D:5      | Found an iron altar of Okawaru.
  6111 | D:5      | Found a shimmering altar of Xom.
  6526 | D:5      | Found a snail-covered altar of Cheibriados.
  6802 | D:6      | Noticed Duvessa
  6802 | D:6      | Noticed Dowan
  6808 | D:6      | Killed Duvessa
  6812 | D:6      | Killed Dowan
  7233 | D:6      | Reached XP level 9. HP: 74/85 MP: 9/9
  7273 | D:6      | Reached skill level 10 in Fighting
  7367 | D:6      | Noticed Blork the orc
  7368 | D:6      | Noticed Prince Ribbit
  7378 | D:6      | Killed Blork the orc
  7399 | D:6      | HP: 4/85 [Prince Ribbit (8)]
  7399 | D:6      | Slain by Prince Ribbit

Action                   |  1- 3 |  4- 6 |  7- 9 || total
-------------------------+-------+-------+-------++-------
Melee: Hand axe          |   106 |   300 |   293 ||   699
Invok: Berserk           |     3 |     5 |     5 ||    13
       Trog's Hand       |       |       |     1 ||     1
  Use: Scroll            |       |     5 |     4 ||     9
       Potion            |       |       |     2 ||     2
  Eat: Chunk             |     4 |    16 |     9 ||    29
       Meat ration       |       |       |     1 ||     1
